AoeStats
← q2e_lol

Arena

507286264Analyzed
3v3 RM · 15d ago on Sep 17, 2026· 69m 9s· 6 players
Game mode
Random Map
Map size
Normal (6 player)
Population
200
Speed
Normal
Resources
Standard
Victory
Conquest
Starting age
Dark Age
Ending age
Imperial Age
RankedLock teamsTeams togetherTeam positionsShared explorationLock speedFull tech treeHidden civsTurbo modeCheats
Victory
Defeat
🇬🇧 Slavs · United Kingdom
1175
+10
🇬🇧 Berbers · United Kingdom
1106
+13
🇨🇳 Bohemians · China
1091
+13
🇹🇼 Tupi · Taiwan
1134
-15
🇭🇰 Poles · Hong Kong SAR China
997
-11
🇭🇰 Persians · Hong Kong SAR China
969
-21
Mooncore
10:28 Feudal Age
14:06 Castle Age
11:55 Double-Bit Axe
21:04 Forging
23:10 Horse Collar
31:11 Imperial Age
28:54 Gold Mining
28:55 Stone Mining
29:17 Bow Saw
29:21 Scale Barding Armor
30:52 Chain Barding Armor
31:08 Iron Casting
31:59 Wheelbarrow
31:10 Loom
31:11 Town Watch
31:46 Heavy Plow
32:26 Stone Shaft Mining
32:26 Gold Shaft Mining
31:43 Heavy Camel Rider
32:24 Husbandry
32:34 Bloodlines
34:32 Blast Furnace
34:08 Plate Barding Armor
33:42 Fletching
33:52 Padded Archer Armor
35:30 Crop Rotation
35:23 Maghrebi Camels
35:28 Elite Camel Archer
36:30 Conscription
40:51 Ballistics
41:31 Chemistry
40:43 Bodkin Arrow
41:03 Leather Archer Armor
53:03 Pikeman
56:26 Light Cavalry
63:01 Hussar
66:23 Caravan
OayiZ
0:43 Loom
10:00 Feudal Age
10:30 Double-Bit Axe
16:36 Castle Age
17:28 Bow Saw
18:40 Fervor
19:26 Sanctity
20:22 Horse Collar
21:44 Heavy Plow
23:21 Wheelbarrow
23:05 Crossbowman
28:49 Hand Cart
32:22 Imperial Age
32:03 Chemistry
31:12 Fletching
31:59 Bodkin Arrow
32:13 Pikeman
33:07 Forging
32:58 Scale Mail Armor
33:21 Ballistics
34:07 Two-Man Saw
33:28 Squires
33:04 Halberdier
34:25 Bracer
36:49 Iron Casting
36:15 Murder Holes
37:03 Chain Mail Armor
37:55 Conscription
40:24 Plate Mail Armor
40:55 Blast Furnace
40:37 Wagenburg Tactics
42:20 Wagenburg Tactics
60:15 Arbalester
68:16 Elite Skirmisher
cold killer
10:19 Feudal Age
14:32 Castle Age
12:38 Double-Bit Axe
12:48 Horse Collar
15:13 Heavy Plow
20:50 Bow Saw
24:16 Detinets
26:31 Wheelbarrow
29:46 Hand Cart
34:08 Imperial Age
32:10 Stone Mining
32:10 Gold Mining
32:38 Scale Barding Armor
32:44 Forging
33:55 Chain Barding Armor
34:11 Iron Casting
33:41 Husbandry
33:58 Bloodlines
35:56 Plate Barding Armor
36:22 Blast Furnace
36:06 Crop Rotation
36:19 Conscription
36:13 Elite Boyar
37:50 Gold Shaft Mining
38:20 Two-Man Saw
39:27 Man-at-Arms
40:08 Squires
40:12 Scale Mail Armor
40:12 Padded Archer Armor
40:02 Fletching
40:18 Long Swordsman
40:19 Pikeman
41:20 Chain Mail Armor
41:21 Leather Archer Armor
41:14 Two-Handed Swordsman
41:14 Halberdier
42:09 Loom
42:09 Town Watch
42:57 Plate Mail Armor
42:57 Ring Archer Armor
42:23 Bodkin Arrow
42:53 Ballistics
43:36 Chemistry
43:55 Siege Engineers
44:01 Masonry
44:02 Fortified Wall
44:08 Champion
44:50 Druzhina
45:53 Hoardings
52:10 Guard Tower
52:27 Caravan
52:57 Coinage
61:34 Banking
夕海真雪
10:42 Feudal Age
9:16 Loom
14:34 Castle Age
12:57 Double-Bit Axe
16:10 Bow Saw
15:53 Fletching
16:42 Horse Collar
25:12 Champi Runner
31:28 Wheelbarrow
32:04 Champi Warrior
33:17 Hand Cart
33:32 Heavy Plow
32:59 Pikeman
38:16 Imperial Age
36:57 Scale Mail Armor
37:05 Caciques
37:22 Squires
37:08 Arson
38:06 Arson
38:40 Chain Mail Armor
38:35 Forging
38:56 Halberdier
41:29 Town Watch
44:33 Two-Man Saw
46:22 Elite Skirmisher
46:25 Crossbowman
49:36 Arbalester
59:50 Elite Champi Warrior
62:04 Capped Ram
64:05 Siege Ram
Mayho
11:26 Feudal Age
15:49 Castle Age
14:43 Horse Collar
14:50 Double-Bit Axe
20:13 Heavy Plow
20:56 Wheelbarrow
23:00 Gold Mining
23:00 Stone Mining
24:17 Stone Mining
25:06 Loom
28:39 Imperial Age
26:02 Loom
26:38 Hand Cart
28:06 Stone Shaft Mining
31:18 Lechitic Legacy
31:18 Conscription
31:08 Scale Barding Armor
31:14 Forging
31:19 Bloodlines
31:58 Husbandry
31:19 Light Cavalry
32:40 Bow Saw
33:34 Chain Barding Armor
33:05 Fletching
33:51 Thumb Ring
33:06 Crossbowman
35:06 Winged Hussar
35:10 Arbalester
36:10 Bodkin Arrow
36:15 Padded Archer Armor
42:32 Bracer
43:09 Iron Casting
46:45 Hoardings
47:12 Fortified Wall
46:53 Guard Tower
47:01 Murder Holes
49:42 Blast Furnace
q2e_lol
10:11 Feudal Age
14:18 Castle Age
12:17 Double-Bit Axe
12:22 Horse Collar
16:21 Wheelbarrow
17:06 Bow Saw
24:56 Hand Cart
26:00 Loom
26:15 Gold Mining
26:17 Stone Mining
30:06 Imperial Age
29:34 Gold Shaft Mining
29:23 Fletching
29:38 Padded Archer Armor
30:54 Conscription
31:49 Two-Man Saw
31:22 Husbandry
31:33 Bloodlines
30:44 Cavalier
31:57 Heavy Plow
33:19 Scale Barding Armor
33:25 Forging
32:44 Elite War Elephant
35:07 Town Watch
35:53 Chain Barding Armor
36:09 Iron Casting
36:56 Devotion
40:07 Citadels
40:41 Plate Barding Armor
40:28 Bodkin Arrow
41:46 Blast Furnace
43:08 Chemistry
57:57 Stone Shaft Mining
59:44 Kamandaran
68:24 Crossbowman
Connection lost

Rejoining the realm…

Still unreachable

The connection could not be restored.

Session expired

The server has moved on; the page needs a fresh start.